 Dungeon Crawl Stone Soup version 0.24-b1 (webtiles) character file.

Game seed: 11653823908404867516, levelgen mode: deterministic

634 Arixos the Charmwright (level 7, -5/36 HPs)
             Began as a Vine Stalker Skald on Oct 13, 2019.
             Slain by Crazy Yiuf
             ... wielding a +2 quarterstaff of chaos
              (6 damage)
             ... on level 4 of the Dungeon.
             The game lasted 00:26:48 (4872 turns).

Arixos the Charmwright (Vine Stalker Skald)         Turns: 4872, Time: 00:26:49

Health: -5/36      AC:  5    Str: 13    XL:     7   Next: 49%
Magic:  0/13       EV: 13    Int: 13    God:
Gold:   158        SH:  0    Dex: 16    Spells: 6/13 levels left

rFire    + . .     SeeInvis .   a - +0 falchion
rCold    . . .     Gourm    .   (no shield)
rNeg     . . .     Faith    .   u - +0 leather armour {rF+}
rPois    .         Spirit   +   j - +1 helmet
rElec    .         Reflect  .   (no cloak)
rCorr    .         Harm     .   (no gloves)
MR       .....                  (no boots)
Stlth    ++........             (no amulet)
HPRegen  0.52/turn              (no ring)
MPRegen  0.13/turn              (no ring)

@: lethally poisoned (-5 -> -6), very slightly contaminated, slowed, very slow
A: fangs 2, regeneration 1, magic shield, antimagic bite, no potion heal 3, rot
immunity
a: no special abilities


You were on level 4 of the Dungeon.
You were not hungry.

You visited 1 branch of the dungeon, and saw 4 of its levels.
You also visited: Ossuary.

You collected 158 gold pieces.

Inventory:

Hand Weapons
 a - a +0 falchion (weapon)
Armour
 j - a +1 helmet (worn)
 u - a +0 leather armour of fire resistance (worn)
Scrolls
 b - a scroll of enchant armour {unknown}
 c - 2 scrolls of amnesia
 f - a scroll of identify
 i - a scroll of blinking {unknown}
 m - a scroll of summoning {unknown}
 o - a scroll of remove curse {unknown}
 r - 3 scrolls of magic mapping {unknown}
 t - a scroll of enchant weapon {unknown}
Potions
 e - a potion of mutation {unknown}
 g - a potion of curing {unknown}
 h - a potion of berserk rage {unknown}
 k - 2 potions of heal wounds
 l - a potion of might {unknown}
 n - 2 potions of brilliance {unknown}
 p - a potion of lignification {unknown}
 q - 2 potions of cancellation {unknown}
 s - 3 potions of ambrosia {unknown}
Comestibles
 d - 7 rations


   Skills:
 + Level 3.0 Fighting
 + Level 3.1 Long Blades
 + Level 2.2 Armour
 + Level 2.8 Dodging
 + Level 3.0 Stealth
 + Level 3.5 Spellcasting
 + Level 4.0 Charms
 + Level 0.6 Necromancy
 + Level 2.0 Translocations


You had 6 spell levels left.
You knew the following spells:

 Your Spells              Type           Power        Failure   Level  Hunger
a - Song of Slaying       Chrm           ##......     9%          2    ##.....
r - Regeneration          Chrm/Necr      #.........   32%         3    ###....
s - Shroud of Golubria    Chrm/Tloc      ##....       12%         2    ##.....

Your spell library contained the following spells:

 Spells                   Type           Power        Failure   Level  Hunger
 Infusion                 Chrm           ##..         5%          1    #......
 Spectral Weapon          Hex/Chrm       #.......     36%         3    ###....


Dungeon Overview and Level Annotations

Branches:
Dungeon (4/15)            Ossuary (visited)
 Temple: D:4-7

Altars:
Makhleb
Okawaru
Zin

Annotations:
D:4 exclusion: hippogriff, Crazy Yiuf


Innate Abilities, Weirdness & Mutations

You have extremely sharp teeth.
Your natural rate of healing is unusually fast.
When hurt, damage is shared between your health and your magic reserves.
Your bite disrupts and absorbs the magic of your enemies.
Potions cannot restore your health.
You are immune to rotting.


Message History

Crazy Yiuf screams, "Blight ladder high!"
Crazy Yiuf hits you with a +2 quarterstaff of chaos.
* * * LOW HITPOINT WARNING * * *
You are more poisoned.
You feel sick.
Crazy Yiuf waves his quarterstaff at you.
You feel sick.
Crazy Yiuf laughs, "Pitchfork green verde!"
You feel sick. Crazy Yiuf barely misses you.
You feel sick.
You feel sick.
Crazy Yiuf glowers.
Crazy Yiuf hits you with a +2 quarterstaff of chaos!
* * * LOW HITPOINT WARNING * * *
Crazy Yiuf burns you.
It was a potion of heal wounds.
That seemed strangely inert.
* * * LOW HITPOINT WARNING * * *
You feel sick.
Crazy Yiuf hits you with a +2 quarterstaff of chaos.
You die...

#.######
###.# #####
#...#
##...####.###
#.........#
##..######.#
#....# #.#
#########
#....# ##.#
#.......#
#.@.## #..#
#.#######
##g## #..#
#.# #..# #.##
#..# #.# #.##
##.#
#..########
#.# #.# #.##
#..........
#.# #.# ##.#
#..########
#.## #.# #'#
#..# #####
#..###.# ...
#..####....
##..)##.#
#...#
#.......###


You could see Crazy Yiuf.

Vanquished Creatures
  Menkaure (Ossuary)
  An ice beast (D:3)
  A centaur (D:3)
  A scorpion (D:3)
  A crimson imp (D:4)
  An orc priest (D:4)
  2 orc wizards (D:3)
  3 mummies (Ossuary)
  3 adders
  2 oozes
  2 worms
  3 dart slugs (D:1)
  2 leopard geckos
  8 orcs
  2 ball pythons (D:2)
  15 bats
  4 giant cockroaches
  5 gnoll zombies (Ossuary)
  12 goblins
  4 hobgoblins
  10 jackals
  2 kobolds
  A quokka (D:2)
  3 frilled lizards (D:2)
  3 gnoll skeletons (Ossuary)
  2 goblin skeletons (Ossuary)
  4 goblin zombies (Ossuary)
  3 hobgoblin skeletons (Ossuary)
  5 hobgoblin zombies (Ossuary)
  5 kobold skeletons (Ossuary)
  4 kobold zombies (Ossuary)
  2 orc skeletons (Ossuary)
  5 orc zombies (Ossuary)
  4 rats
  8 rat skeletons (Ossuary)
  2 rat zombies (Ossuary)
136 creatures vanquished.

Vanquished Creatures (others)
  An orc skeleton (Ossuary)
  A rat skeleton (Ossuary)
2 creatures vanquished.

Grand Total: 138 creatures vanquished

Notes
Turn   | Place    | Note
-------+----------+-------------------------------------------
     0 | D:1      | Arixos the Vine Stalker Skald began the quest for the Orb.
     0 | D:1      | Reached XP level 1. HP: 11/11 MP: 4/4
   295 | D:1      | Reached XP level 2. HP: 13/15 MP: 6/6
   299 | D:1      | Learned a level 2 spell: Shroud of Golubria
   318 | D:1      | Reached skill level 1 in Armour
   587 | D:1      | Reached XP level 3. HP: 14/18 MP: 4/7
   618 | D:1      | Reached skill level 1 in Stealth
  1803 | D:1      | Gained mutation: Your natural rate of healing is unusually
                  | fast. [Vine Stalker growth]
  1803 | D:1      | Reached XP level 4. HP: 8/23 MP: 4/8
  2048 | D:2      | Learned a level 2 spell: Song of Slaying
  2443 | D:3      | Reached XP level 5. HP: 24/27 MP: 1/10
  2492 | D:4      | Reached skill level 1 in Translocations
  2560 | D:4      | Found a sand-covered staircase.
  2569 | Ossuary  | Entered an ossuary
  3117 | Ossuary  | Noticed Menkaure
  3372 | Ossuary  | Killed Menkaure
  3372 | Ossuary  | Reached XP level 6. HP: 21/32 MP: 7/11
  3666 | D:3      | Reached XP level 7. HP: 30/35 MP: 9/12
  3671 | D:3      | Learned a level 3 spell: Regeneration
  3920 | D:3      | Found a faded altar of an unknown god.
  4379 | D:4      | Reached skill level 4 in Charms
  4529 | D:4      | Found a burning altar of Makhleb.
  4529 | D:4      | Found a glowing silver altar of Zin.
  4530 | D:4      | Found an iron altar of Okawaru.
  4795 | D:4      | Noticed a hippogriff
  4847 | D:4      | Found a runed translucent door.
  4848 | D:4      | Noticed Crazy Yiuf
  4871 | D:4      | HP: 1/36 [Crazy Yiuf/+2 quarterstaff of chaos (6)]
  4872 | D:4      | Slain by Crazy Yiuf

Skill      XL: |  1  2  3  4  5  6  7 |
---------------+----------------------+-----
Armour         | 1 2 |  2.2
Fighting       | 2 3 |  3.0
Long Blades    | 2 3 |  3.1
Stealth        | 1 2 3 |  3.0
Dodging        | 2 |  2.8
Translocations | 1 2 |  2.0
Spellcasting   | 3 |  3.5
Charms         | 4 |  4.0
Necromancy     | |  0.6

Action                   |  1- 3 |  4- 6 |  7- 9 || total
-------------------------+-------+-------+-------++-------
Melee: Falchion          |   103 |   274 |   100 ||   477
       Bite              |    33 |    92 |    40 ||   165
 Cast: Shroud of Golubri |     7 |    38 |    13 ||    58
       Song of Slaying   |       |     2 |     1 ||     3
       Infusion          |       |     1 |       ||     1
  Use: Scroll            |       |     2 |       ||     2
       Potion            |       |       |     1 ||     1
 Stab: Sleeping          |     1 |     2 |       ||     3
       Distracted        |       |       |     1 ||     1
  Eat: Chunk             |     3 |     7 |     2 ||    12
       Ration            |       |     1 |     1 ||     2
Armor: Leather armour    |    34 |    58 |    21 ||   113
Dodge: Dodged            |    93 |   163 |    61 ||   317
       Rpst.: Falchion   |    28 |    56 |    21 ||   105
